 Dungeon Crawl Stone Soup version 0.29.0-4-gdea44cf6ec (webtiles) character file.

Game seed: 16814012768334697762

133 qw the Chopper (level 5, -1/30 HPs)
             Began as a Tengu Warper on Aug 28, 2022.
             Slain by a gnoll
             ... wielding a +0 club
              (5 damage)
             ... on level 3 of the Dungeon.
             The game lasted 00:00:17 (3471 turns).

qw the Chopper (Tengu Warper)                       Turns: 3471, Time: 00:00:18

Health: -1/30      AC:  3    Str: 13    XL:     5   Next: 16%
Magic:  9/9        EV: 14    Int: 14    God:
Gold:   117        SH:  0    Dex: 13    Spells: 8/8 levels left

rFire   . . .      SeeInvis .   Y - +1 hand axe
rCold   . . .      Faith    .   (no shield)
rNeg    . . .      Spirit   .   b - +0 leather armour
rPois   .          Reflect  .   (helmet restricted)
rElec   .          Harm     .   (no cloak)
rCorr   .          Rampage  .   (no gloves)
Will    .....                   (boots unavailable)
Stlth   +.........              (no amulet)
HPRegen 0.10/turn               (no ring)
MPRegen 0.11/turn               (no ring)

@: about to teleport, flying quickly and evasively, quick
A: beak, talons 3, nimble flight
a: no special abilities


You were on level 3 of the Dungeon.
You visited 1 branch of the dungeon, and saw 3 of its levels.

You collected 117 gold pieces.


Innate Abilities, Weirdness & Mutations

You have a beak for a mouth.
You have claws for feet.
Your magical nature lets you fly swiftly and evasively.


   Skills:
 - Level 2.0 Fighting
 + Level 5.7 Axes
 - Level 1.0 Throwing
 - Level 1.1 Armour
 - Level 2.1 Dodging
 - Level 2.0 Spellcasting
 - Level 2.4 Translocations


You had 8 spell levels left.
You didn't know any spells.
Your spell library contained the following spells:

 Spells                   Type           Power      Damage    Failure   Level
 Blink                    Tloc           16%        N/A       17%         2
 Gell's Gravitas          Tloc           8%         N/A       34%         3
 Lesser Beckoning         Tloc           8%         N/A       34%         3
 Teleport Other           Tloc           8%         N/A       34%         3
 Manifold Assault         Tloc           8%         N/A       97%         5

Inventory:

Hand Weapons
 a - a +0 flail
 Y - a +1 hand axe (weapon)
Armour
 b - a +0 leather armour (worn)
 d - a +0 chain mail
Potions
 i - a potion of magic {unknown}

Dungeon Overview and Level Annotations

Branches:
Dungeon (3/15)

Altars:
Nemelex Xobeh

Annotations:
D:2 Sigmund


Message History

The gnoll barely misses you. The gnoll completely misses you.
You have reached level 5!
Your magical nature develops, letting you fly swiftly and evasively.
You barely miss the gnoll. You claw the gnoll! You peck the gnoll.
You kill the gnoll!
You barely miss the gnoll. The gnoll hits you with a +0 club.
The gnoll closely misses you.
You closely miss the gnoll. Your kick misses the gnoll.
The gnoll closely misses you.
The gnoll hits you from afar with a +0 spear.
You hit the gnoll but do no damage. You claw the gnoll. You punch the gnoll.
The gnoll is moderately wounded.
The gnoll closely misses you. x2
You barely miss the gnoll.
The gnoll is moderately wounded.
The gnoll closely misses you.
The gnoll hits you from afar with a +0 spear.
You barely miss the gnoll. You claw the gnoll.
The gnoll is heavily wounded.
The gnoll closely misses you.
The gnoll hits you from afar with a +0 spear.
You barely miss the gnoll.
The gnoll is heavily wounded.
The gnoll hits you with a +0 club! The gnoll hits you but does no damage.
You hit the gnoll. You claw the gnoll. You peck the gnoll.
The gnoll is almost dead.
The gnoll closely misses you. The gnoll completely misses you.
You closely miss the gnoll. Your kick misses the gnoll.
The gnoll is almost dead.
The gnoll drinks a potion.
The gnoll is healed!
The gnoll barely misses you.
You hit the gnoll but do no damage.
The gnoll is moderately wounded.
The gnoll hits you with a +0 club.
A rat comes into view.
The gnoll hits you from afar with a +0 spear.
3471 ||| READING scroll of teleportation.
As you read the scroll of teleportation, it crumbles to dust.
You feel strangely unstable. The gnoll hits you with a +0 club.
You die...

....... #...)[.#.###.##
........###...|.##......
........# #.............
........###.....#.....
.........##...........
.................#....
.............##..#....
.............# .>.. ..
#.....@.....# .....
#....))g##### ...##
#..!..g.# .# #........
........... ............
.............
....##...(r...


You could see 2 gnolls and a rat.

Vanquished Creatures
  Robin (D:2)
  2 gnolls (D:3)
  An adder (D:2)
  6 dart slugs
  3 orcs (D:3)
  7 ball pythons
  6 endoplasms
  5 giant cockroaches
  9 goblins
  12 hobgoblins
  2 quokkas (D:1)
  5 bats
  3 frilled lizards
  5 kobolds
  5 rats
72 creatures vanquished.

Notes
Turn   | Place    | Note
-------+----------+-------------------------------------------
     0 | D:1      | qw the Tengu Warper began the quest for the Orb.
     0 | D:1      | Reached XP level 1. HP: 12/12 MP: 4/4
     0 | D:1      | 0 ||| qw: Version: 0.1-a-89-g26bdef1
     0 | D:1      | 0 ||| qw: Game counter: 1386
     0 | D:1      | 0 ||| qw: Always use a shield: true
     0 | D:1      | 0 ||| qw: God list: Okawaru
     0 | D:1      | 0 ||| qw: Allow faded altars: false
     0 | D:1      | 0 ||| qw: Do Orc after D:15 true
     0 | D:1      | 0 ||| qw: Do second Lair branch before Depths: true
     0 | D:1      | 0 ||| qw: Lair rune preference: random
     0 | D:1      | 0 ||| qw: Plans: Normal
     0 | D:1      | 0 ||| PLANNING D:1-11
    98 | D:1      | Reached XP level 2. HP: 15/17 MP: 6/6
   157 | D:1      | Reached skill level 3 in Axes
   515 | D:1      | Found a faded altar of an unknown god.
   808 | D:1      | 808 ||| Stepping ~*~*~tactically~*~*~ (stealth).
   822 | D:1      | Reached XP level 3. HP: 16/21 MP: 7/7
   836 | D:1      | 836 ||| Stepping ~*~*~tactically~*~*~ (stealth).
   865 | D:1      | 865 ||| Stepping ~*~*~tactically~*~*~ (stealth).
   943 | D:1      | 943 ||| Stepping ~*~*~tactically~*~*~ (hiding).
   951 | D:1      | Reached skill level 4 in Axes
  1088 | D:1      | 1088 ||| Stepping ~*~*~tactically~*~*~ (hiding).
  1090 | D:1      | 1090 ||| Stepping ~*~*~tactically~*~*~ (hiding).
  1093 | D:1      | 1093 ||| Stepping ~*~*~tactically~*~*~ (hiding).
  1096 | D:1      | 1096 ||| Stepping ~*~*~tactically~*~*~ (hiding).
  1098 | D:1      | 1098 ||| Stepping ~*~*~tactically~*~*~ (hiding).
  1562 | D:1      | 1562 ||| READING scroll labelled HAMYRO JILU.
  1563 | D:1      | 1563 ||| READING 2 scrolls labelled DEXEOS BANWOCS.
  1567 | D:1      | 1567 ||| READING 4 scrolls labelled ORRANY YPUO.
  1568 | D:1      | 1568 ||| READING scroll labelled UDDUSCHUNTI.
  1569 | D:1      | 1569 ||| DROPPING scroll of blinking.
  1570 | D:1      | 1570 ||| DROPPING 3 scrolls of fog.
  1680 | D:2      | Found a sparkling altar of Nemelex Xobeh.
  1761 | D:2      | 1761 ||| Stepping ~*~*~tactically~*~*~ (stealth).
  1815 | D:2      | 1815 ||| DROPPING +0 whip.
  1890 | D:2      | Reached XP level 4. HP: 26/26 MP: 8/8
  1954 | D:2      | Noticed Sigmund
  1958 | D:2      | HP: 5/26 [Sigmund/magic dart (9)]
  1959 | D:2      | 1959 ||| READING 3 scrolls of teleportation.
  1962 | D:2      | 1962 ||| FLEEEEING.
  1964 | D:2      | 1964 ||| READING 2 scrolls of teleportation.
  1967 | D:2      | HP: 5/26 [giant cockroach (1)]
  2015 | D:2      | 2015 ||| FLEEEEING.
  2016 | D:2      | 2016 ||| FLEEEEING.
  2021 | D:2      | 2021 ||| FLEEEEING.
  2022 | D:2      | 2022 ||| FLEEEEING.
  2029 | D:2      | 2029 ||| FLEEEEING.
  2030 | D:2      | 2030 ||| FLEEEEING.
  2040 | D:2      | 2040 ||| FLEEEEING.
  2041 | D:2      | 2041 ||| FLEEEEING.
  2045 | D:2      | 2045 ||| STAIRDANCE
  2229 | D:1      | 2229 ||| READING scroll labelled DUCKIW RUITI.
  2355 | D:2      | 2355 ||| Stepping ~*~*~tactically~*~*~ (hiding).
  2366 | D:2      | 2366 ||| Stepping ~*~*~tactically~*~*~ (stealth).
  2395 | D:2      | 2395 ||| Stepping ~*~*~tactically~*~*~ (hiding).
  2460 | D:2      | 2460 ||| Stepping ~*~*~tactically~*~*~ (stealth).
  2463 | D:2      | 2463 ||| Stepping ~*~*~tactically~*~*~ (hiding).
  2470 | D:2      | Noticed Robin
  2471 | D:2      | 2471 ||| Stepping ~*~*~tactically~*~*~ (stealth).
  2574 | D:2      | 2574 ||| FLEEEEING.
  2575 | D:2      | 2575 ||| FLEEEEING.
  2606 | D:2      | 2606 ||| Stepping ~*~*~tactically~*~*~ (stealth).
  2607 | D:2      | 2607 ||| Stepping ~*~*~tactically~*~*~ (stealth).
  2610 | D:2      | 2610 ||| Stepping ~*~*~tactically~*~*~ (hiding).
  2615 | D:2      | 2615 ||| Stepping ~*~*~tactically~*~*~ (stealth).
  2618 | D:2      | Killed Robin
  2619 | D:2      | Reached skill level 5 in Axes
  2625 | D:2      | 2625 ||| FLEEEEING.
  2626 | D:2      | 2626 ||| FLEEEEING.
  2627 | D:2      | 2627 ||| FLEEEEING.
  2628 | D:2      | 2628 ||| FLEEEEING.
  2629 | D:2      | 2629 ||| FLEEEEING.
  2631 | D:2      | 2631 ||| STAIRDANCE
  2727 | D:2      | 2727 ||| STAIRDANCE
  2825 | D:2      | Identified the +3 whip of Seosekom {vorpal, MP+9}
  2827 | D:2      | 2827 ||| DROPPING +3 whip of Seosekom {vorpal, MP+9}.
  2846 | D:2      | 2846 ||| Stepping ~*~*~tactically~*~*~ (stealth).
  2848 | D:2      | 2848 ||| Stepping ~*~*~tactically~*~*~ (hiding).
  2850 | D:2      | 2850 ||| Stepping ~*~*~tactically~*~*~ (stealth).
  2853 | D:2      | 2853 ||| FLEEEEING.
  2854 | D:2      | 2854 ||| FLEEEEING.
  2855 | D:2      | 2855 ||| FLEEEEING.
  2856 | D:2      | 2856 ||| FLEEEEING.
  2857 | D:2      | 2857 ||| FLEEEEING.
  2858 | D:2      | 2858 ||| FLEEEEING.
  2860 | D:2      | 2860 ||| FLEEEEING.
  2861 | D:2      | 2861 ||| FLEEEEING.
  2863 | D:2      | 2863 ||| FLEEEEING.
  2864 | D:2      | 2864 ||| STAIRDANCE
  2896 | D:1      | 2896 ||| READING scroll labelled TASUHE MANOTE.
  2908 | D:2      | 2908 ||| Stepping ~*~*~tactically~*~*~ (hiding).
  3263 | D:3      | 3263 ||| FLEEEEING.
  3264 | D:3      | 3264 ||| FLEEEEING.
  3265 | D:3      | 3265 ||| FLEEEEING.
  3266 | D:3      | 3266 ||| FLEEEEING.
  3267 | D:3      | 3267 ||| FLEEEEING.
  3268 | D:3      | 3268 ||| STAIRDANCE
  3433 | D:3      | 3433 ||| DROPPING +2 mace of protection.
  3462 | D:3      | Gained mutation: Your magical nature lets you fly swiftly
                  | and evasively. [Tengu growth]
  3462 | D:3      | Reached XP level 5. HP: 29/30 MP: 9/9
  3470 | D:3      | HP: 4/30 [gnoll/+0 spear (5)]
  3471 | D:3      | 3471 ||| READING scroll of teleportation.
  3471 | D:3      | Slain by a gnoll

Levels and vault maps discovered:
D:1:      dpeg_arrival_tiny_c, layout_basic,
          ebering_ecumenical_altar_sacrificial
D:2:      minmay_recursive_quarters, layout_basic, basic_altar,
          minmay_tree_intersection, minmay_misc_feat_rows, uniq_robin,
          uniq_sigmund
D:3:      layout_basic, serial_shops, shop, kennysheep_generic_room_5

Skill      XL: |  1  2  3  4 |
---------------+-------------+-----
Axes           | 3 4 5 |  5.7
Fighting       | |  2.0
Throwing       | |  1.0
Armour         | |  1.1
Dodging        | |  2.1
Spellcasting   | |  2.0
Translocations | |  2.4

Action                   |  1- 3 |  4- 6 || total
-------------------------+-------+-------++-------
Melee: Hand axe          |    72 |    84 ||   156
       Kick              |    20 |    23 ||    43
       Peck              |     9 |    11 ||    20
       Punch             |       |     1 ||     1
Throw: Boomerang         |     7 |       ||     7
       Javelin           |    18 |    12 ||    30
  Use: Scroll            |     4 |     5 ||     9
Armor: Leather armour    |     6 |    21 ||    27
Dodge: Dodged            |    30 |    52 ||    82

Table legend:
 A = Non-vault XP
 B = Vault XP
 C = Vault XP percentage of total XP
 D = Non-vault monster count
 E = Vault monster count
 F = Vault count percentage of total count
                 A         B        C        D         E       F
            +---------+---------+-------+---------+---------+-------
      Total |     140 |      51 |  26.7 |      52 |      20 |  27.8
            +---------+---------+-------+---------+---------+-------
        D:1 |      57 |       2 |   3.4 |      30 |       1 |   3.2
        D:2 |      40 |      49 |  55.1 |      14 |      19 |  57.6
        D:3 |      43 |       0 |   0.0 |       8 |       0 |   0.0
            +---------+---------+-------+---------+---------+-------
